Map: Crimson Court LE

Players

iceau - Winner!

  • Race: Protoss Protoss
  • League: Master
  • Spawn Location: 7:00

Bearhug

  • Race: Zerg Zerg
  • Spawn Location: 1:00

VOD

Have the link to the VOD?

Description

Time

  • Played on: Oct. 8, 2024, 2:59 a.m.
  • Length: 17:00
Show
View Real Time Build Order
Export as new Build Order

iceau Protoss - Winner!

Build Orders:  

Get SALT Encoding   

  12  0:00  Probe  
  13  0:12  Probe  
  14  0:19  Pylon  
  14  0:25  Probe  
  15  0:42  Probe (Chrono Boost), Gateway  
  16  0:46  Assimilator  
  16  0:54  Probe (Chrono Boost)  
  17  0:59  Probe (Chrono Boost)  
  18  1:25  Gateway  
  18  1:29  Zealot (Chrono Boost)  
  20  1:45  Pylon  
  20  1:46  Pylon  
  20  1:49  Zealot (Chrono Boost)  
  22  2:22  Pylon  
  22  2:44  Nexus  
  22  2:54  Cybernetics Core  
  22  2:56  Probe  
  22  3:09  Probe (Chrono Boost)  
  23  3:15  Assimilator  
  24  3:20  Probe (Chrono Boost)  
  28  3:31  Adept  
  28  3:32  Adept  
  28  3:43  Shield Battery  
  27  4:01  Stalker  
  26  4:27  Probe  
  14  5:05  Zealot (Chrono Boost)  
  16  5:11  Probe  
  16  5:44  Probe  
  16  5:45  Probe  
  18  5:56  Probe  
  20  5:57  Probe  
  20  6:02  Sentry (Chrono Boost)  
  20  6:03  Sentry (Chrono Boost)  
  22  6:27  Probe x2  
  24  6:39  Probe  
  25  6:42  Assimilator  
  25  6:44  Assimilator  
  25  6:53  Probe x2 (Chrono Boost)  
  27  7:03  Probe x2 (Chrono Boost)  
  27  7:08  Probe x2 (Chrono Boost)  
  28  7:42  Probe x2  
  30  7:44  Pylon  
  30  7:51  Pylon  
  30  7:53  Warp Gate (Chrono Boost)  
  30  7:54  Probe (Chrono Boost)  
  31  8:02  Probe (Chrono Boost)  
  32  8:06  Probe (Chrono Boost)  
  34  8:14  Probe (Chrono Boost)  
  34  8:16  Probe (Chrono Boost)  
  35  8:20  Probe (Chrono Boost)  
  35  8:22  Probe (Chrono Boost)  
  35  8:23  Robotics Facility  
  35  8:26  Probe, Gateway  
  37  8:32  Probe  
  39  8:39  Probe  
  40  8:45  Probe  
  41  8:48  Gateway  
  41  8:51  Probe  
  42  8:57  Probe  
  42  8:58  Nexus  
  43  9:03  Probe  
  43  9:09  Probe  
  45  9:10  Observer (Chrono Boost)  
  45  9:13  Twilight Council  
  45  9:15  Probe  
  47  9:21  Probe, Zealot x2  
  52  9:27  Probe  
  53  9:33  Probe  
  53  9:38  Sentry  
  56  9:39  Probe, Gateway  
  56  9:41  Immortal  
  62  9:46  Charge (Chrono Boost)  
  62  9:47  Probe (Chrono Boost)  
  62  9:53  Probe (Chrono Boost)  
  62  9:56  Zealot  
  62  9:57  Zealot  
  68  10:02  Stalker  
  68  10:03  Probe (Chrono Boost)  
  68  10:07  Pylon  
  70  10:11  Shield Battery  
  70  10:12  Probe (Chrono Boost)  
  73  10:15  Probe (Chrono Boost)  
  73  10:17  Probe (Chrono Boost)  
  73  10:24  Immortal (Chrono Boost)  
  73  10:26  Probe (Chrono Boost)  
  73  10:28  Sentry x2  
  82  10:29  Probe (Chrono Boost)  
  82  10:31  Probe  
  82  10:35  Stalker  
  86  10:42  Probe x2  
  88  10:47  Forge  
  88  10:48  Pylon  
  88  10:49  Stalker  
  90  10:52  Stalker  
  92  11:01  Pylon  
  92  11:04  Gateway  
  92  11:06  Robotics Bay  
  92  11:10  Immortal  
  96  11:19  Probe x3  
  99  11:31  Zealot  
  99  11:32  Zealot x3  
  87  11:54  Adept x4  
  87  11:59  Disruptor (Chrono Boost)  
  87  12:14  Probe x3  
  82  12:24  Gateway  
  82  12:25  Cybernetics Core  
  82  12:26  Probe x2  
  84  12:30  Zealot x3  
  84  12:31  Zealot  
  91  12:51  Zealot  
  92  12:54  Disruptor (Chrono Boost)  
  92  13:02  Zealot x3  
  77  13:19  Gateway  
  75  13:20  Disruptor (Chrono Boost)  
  75  13:21  Gateway  
  75  13:24  Shield Battery  
  75  13:26  Probe  
  75  13:27  Probe x2  
  81  13:32  Sentry x3  
  81  13:33  Gateway  
  88  13:34  Gateway  
  88  13:37  Pylon  
  89  13:42  Probe (Chrono Boost)  
  89  13:44  Probe (Chrono Boost)  
  89  13:47  Pylon  
  91  13:49  Probe (Chrono Boost)  
  91  13:54  Probe (Chrono Boost)  
  92  13:59  Stalker x3  
  98  14:05  Shield Battery  
  98  14:07  Gateway  
  98  14:08  Protoss Ground Weapons Level 1 (Chrono Boost), Probe x3  
  98  14:09  Gateway  
  101  14:15  Immortal (Chrono Boost)  
  101  14:20  Probe x2  
  107  14:25  Templar Archives  
  107  14:32  Assimilator  
  107  14:34  Pylon  
  107  14:35  Assimilator  
  107  14:44  Photon Cannon  
  107  14:47  Photon Cannon  
  107  14:51  Photon Cannon  
  107  14:52  Disruptor (Chrono Boost)  
  111  15:03  Zealot  
  111  15:04  Zealot x4  
  106  15:18  Zealot  
  106  15:19  Zealot x2  
  96  15:25  Zealot  
  93  15:30  Probe x2  
  93  15:31  Probe  
  93  15:33  Observer  
  96  15:35  High Templar  
  96  15:36  High Templar  
  96  15:40  Archon  
  101  15:42  Probe  
  99  15:52  High Templar x2  
  99  15:53  High Templar x2  
  99  15:54  Zealot  
  109  15:57  Archon  
  109  15:58  Archon  
  109  15:59  Probe x2  
  109  16:00  Probe  
  105  16:51  Zealot  
  105  16:52  Zealot x6  
Show
View Real Time Build Order
Export as new Build Order

Bearhug Zerg 

Build Orders: Pool First 

Get SALT Encoding   

  12  0:00  Drone  
  13  0:12  Drone  
  14  0:15  Extractor  
  14  0:29  Spawning Pool  
  14  0:33  Drone  
  14  0:42  Overlord  
  14  1:12  Hatchery  
  14  1:15  Zergling x2  
  14  1:16  Zergling x2  
  15  1:20  Zergling x2  
  16  1:28  Drone  
  17  1:37  Queen  
  19  1:42  Drone  
  19  1:46  Extractor  
  19  1:50  Drone  
  20  2:15  Hatchery  
  20  2:21  Hatchery  
  20  2:22  Drone  
  20  2:28  Drone  
  21  2:31  Drone  
  22  2:45  Overlord, Roach Warren  
  21  3:07  Drone x2  
  21  3:08  Drone  
  21  3:10  Drone, Spore Crawler  
  24  3:15  Queen  
  24  3:17  Overlord  
  26  3:33  Queen  
  30  3:34  Roach  
  30  3:41  Roach  
  30  3:44  Roach  
  32  3:57  Ravager  
  32  3:59  Roach  
  34  4:07  Ravager  
  34  4:10  Roach  
  33  4:17  Roach  
  33  4:28  Roach  
  29  4:43  Roach  
  31  4:53  Ravager  
  31  4:54  Ravager  
  31  4:55  Roach  
  35  5:02  Queen, Extractor  
  35  5:04  Zergling x4  
  35  5:06  Metabolic Boost  
  30  5:12  Zergling x6  
  30  5:13  Zergling x4  
  33  5:18  Hatchery  
  31  5:36  Roach x2  
  31  5:42  Roach  
  36  5:44  Drone x2  
  36  5:45  Drone  
  36  5:46  Drone  
  36  5:47  Drone  
  41  5:56  Overlord  
  33  6:24  Drone  
  33  6:25  Drone  
  35  6:30  Hatchery  
  34  6:34  Queen  
  36  6:51  Drone  
  36  6:52  Drone x5  
  42  6:57  Overlord  
  42  7:07  Overlord x2  
  40  7:30  Drone  
  40  7:31  Drone x5  
  40  7:36  Lair  
  45  7:40  Queen, Spore Crawler  
  46  7:44  Drone  
  46  7:45  Drone x2  
  49  8:04  Drone x2  
  49  8:05  Extractor, Drone x3  
  52  8:09  Zergling x2  
  52  8:10  Zergling x2  
  52  8:11  Baneling Nest  
  54  8:19  Zergling x2  
  55  8:20  Zergling x8  
  59  8:27  Drone x3  
  62  8:42  Zergling x2  
  62  8:43  Zergling x8, Hydralisk Den  
  66  9:00  Zergling x14  
  66  9:02  Overlord  
  73  9:06  Centrifugal Hooks  
  73  9:07  Overlord x2  
  73  9:12  Overseer  
  73  9:17  Overlord  
  73  9:18  Overlord  
  73  9:27  Hydralisk x8  
  89  9:33  Muscular Augments  
  89  9:49  Baneling x15  
  89  9:50  Baneling  
  89  9:51  Zergling x4  
  89  9:52  Zergling x4  
  93  9:58  Drone  
  94  10:02  Drone  
  94  10:03  Extractor  
  94  10:04  Extractor  
  94  10:06  Drone  
  94  10:07  Drone x4  
  98  10:14  Zergling x8  
  102  10:39  Zergling x16  
  102  10:40  Zergling x8  
  114  10:50  Baneling x3  
  114  10:51  Baneling x6  
  114  10:53  Overlord x3  
  114  10:57  Overlord x2  
  114  10:58  Overlord  
  113  11:37  Zergling x2  
  113  11:38  Zergling x28  
  111  11:54  Zergling x14  
  106  12:01  Zergling x2  
  106  12:02  Zergling x8  
  101  12:16  Baneling x4  
  101  12:17  Baneling x4  
  101  12:19  Zergling x12  
  101  12:20  Zergling x2  
  108  12:31  Drone x3  
  111  12:37  Hatchery  
  104  12:44  Hatchery  
  97  12:57  Hatchery  
  71  13:06  Zergling x6  
  71  13:07  Zergling x20  
  69  13:24  Zergling x2  
  69  13:25  Roach  
  69  13:26  Roach x4  
  79  13:28  Glial Reconstitution  
  79  13:29  Grooved Spines  
  79  13:39  Roach x4  
  87  13:42  Baneling x17  
  87  13:43  Baneling  
  87  13:44  Roach x2  
  91  13:53  Evolution Chamber  
  90  13:58  Evolution Chamber, Drone x2  
  90  13:59  Zergling x14  
  90  14:02  Ravager x4  
  102  14:04  Zergling x2  
  102  14:05  Zergling x6  
  106  14:11  Zergling x10  
  111  14:18  Infestation Pit  
  111  14:19  Zergling x2  
  111  14:20  Zergling x10  
  111  14:21  Zergling x2  
  117  14:27  Drone  
  117  14:28  Drone x3  
  121  14:41  Zergling x18  
  129  15:06  Zergling x4  
  129  15:07  Zergling x30  
  132  15:08  Zergling x2  
  107  15:24  Roach x7  
  107  15:26  Roach  
  123  15:30  Baneling x7  
  123  15:31  Baneling x2  
  115  15:36  Drone  
  115  15:37  Drone x2  
  115  15:38  Drone  
  106  15:51  Ravager x2  
  106  15:52  Ravager  
  109  15:57  Drone  
  110  16:06  Drone x4  
  110  16:08  Drone  
  110  16:09  Drone x7  
  110  16:10  Hatchery  
  121  16:13  Drone x3  
  117  16:24  Ravager x3  
  117  16:25  Ravager x7  
  105  16:41  Roach x2  
Tags
 
League
Master
Matchup
PvZ
Opening
Pool First
Spawn Locations
Cross Positions
Add a new tag
Caveats
  • Supply blocks, unpowered buildings, or Contaminate may cause inaccurate times.
  • Supply counts are checked every 10 seconds.